 Dungeon Crawl Stone Soup version 0.18.1-50-g88ac8fd (webtiles) character file.

101 HolyRage the Chopper (level 4, -6/42 HPs)
             Began as a Deep Dwarf Fighter on Sept 21, 2016.
             Killed by nerve-wracking pain
             ... invoked by an orc priest
              (9 damage)
             ... on level 3 of the Dungeon.
             The game lasted 00:07:08 (1597 turns).

HolyRage the Chopper (Deep Dwarf Fighter)           Turns: 1597, Time: 00:07:08

Health: -6/42      AC: 11    Str: 21    XL:     4   Next: 48%
Magic:  4/4        EV:  3    Int:  8    God:
Gold:   147        SH:  9    Dex: 12    Spells: 0 memorised, 3 levels left

rFire  . . .     SeeInvis .     a - +1 war axe
rCold  . . .     Gourm    .     n - +0 plate armour
rNeg   . . .     Faith    .     c - +0 shield
rPois  .         Spirit   .     (no helmet)
rElec  .         Dismiss  .     (no cloak)
rCorr  .         Reflect  .     (no gloves)
SustAt .         Harm     .     (no boots)
MR     .....                    (no amulet)
Stlth  ..........               (no ring)
                                (no ring)

@: non-regenerating, not resistant to hostile enchantments, extremely unstealthy
A: damage resistance, recharge devices, sense surroundings 1, slow regeneration
3
a: Device Recharging


You were on level 3 of the Dungeon.
You were not hungry.

You visited 1 branch of the dungeon, and saw 3 of its levels.

You collected 147 gold pieces.

Inventory:

Hand Weapons
 a - a +1 war axe (weapon)
Armour
 c - a +0 shield (worn)
 k - a +0 scale mail
 n - a +0 plate armour (worn)
Wands
 e - a wand of heal wounds (5/9)
Scrolls
 b - 2 scrolls of teleportation {unknown}
 g - a scroll of enchant weapon
 i - a scroll of amnesia
 p - a scroll of blinking {unknown}
 q - a scroll of enchant armour {unknown}
Potions
 d - a potion of might
 h - a potion of resistance {unknown}
 l - 2 potions of cancellation
 o - 2 potions of heal wounds {unknown}
 s - a potion of curing {unknown}
Comestibles
 f - 3 bread rations
 j - a beef jerky
 m - 3 chunks of flesh
 r - a meat ration


   Skills:
 + Level 3.4 Fighting
 * Level 4.5 Axes
 - Level 3.2 Armour
 - Level 3.2 Shields


You had 3 spell levels left.
You didn't know any spells.

Dungeon Overview and Level Annotations

Branches:
Dungeon (3/15)

Altars:


Innate Abilities, Weirdness & Mutations

You are resistant to damage.
You can recharge devices by infusing magical energy.
You passively map a small area around you.
You do not regenerate naturally.


Message History

The orc is lightly wounded.
You block the orc's attack. The orc hits you but does no damage.
You closely miss the orc.
The orc is lightly wounded.
The orc hits you but does no damage.
You closely miss the orc.
The orc is lightly wounded.
You block the orc's attack. x2
You slash the orc!
You kill the orc!
The orc priest calls down the wrath of Beogh upon you.
Beogh smites you!
* * * LOW HITPOINT WARNING * * *
An orc comes into view. It is wielding a club.
You hit the orc but do no damage. The orc hits you but does no damage.
You slash the orc!
You kill the orc!
The orc priest mumbles some strange prayers to Beogh against you.
Pain shoots through your body!
You die...

##.######## #.#
#.###### #o#
#......# *### #.#
##..###......# #.#
....# ##.# #o#
###.# #)# #.# #...
#.# #.# ###.#
#.#####.# *.#
#....@o.# #
#.####### #..
####.###### #.#* *
#.........# #.#
#.##.####.# #.#
#.##.# #.# #.#
#.##.## #.#
#.######.##..# #.#
#.#..........###.#


You could see an orc priest.

Vanquished Creatures
  7 adders
  A worm (D:3)
  A dart slug (D:2)
  A giant gecko (D:1)
  4 orcs (D:3)
  4 goblins
  4 hobgoblins (D:2)
  2 quokkas
  A bat (D:2)
  2 giant newts
  2 kobolds
  5 rats
34 creatures vanquished.

Notes
Turn   | Place    | Note
--------------------------------------------------------------
     0 | D:1      | HolyRage the Deep Dwarf Fighter began the quest for the Orb.
     0 | D:1      | Reached XP level 1. HP: 20/20 MP: 1/1
   739 | D:2      | Reached skill level 3 in Axes
   739 | D:2      | Reached XP level 2. HP: 19/28 MP: 2/2
   786 | D:2      | Reached XP level 3. HP: 23/34 MP: 3/3
  1270 | D:2      | Reached skill level 4 in Axes
  1299 | D:2      | Reached XP level 4. HP: 28/42 MP: 4/4
  1597 | D:3      | Killed from afar by an orc priest

Skill      XL: |  1  2  3 |
---------------+----------+-----
Fighting       | 3 |  3.4
Axes           | 3 4 |  4.5
Armour         | |  3.2
Shields        | |  3.2

Action                   |  1- 3 |  4- 6 || total
-------------------------+-------+-------++-------
Melee: War axe           |    62 |    56 ||   118
  Use: Scroll            |     4 |       ||     4
  Eat: Chunk             |     1 |     1 ||     2
Armor: Scale mail        |    21 |       ||    21
       Plate armour      |       |    28 ||    28
Dodge: Dodged            |    19 |     6 ||    25
Block: Shield            |    28 |    30 ||    58
